 Dungeon Crawl Stone Soup version 0.25-a0-474-ga8a2ee3 (webtiles) character file.

Game seed: 1244033226288749771, levelgen mode: deterministic

2344 Faca the Spear-Bearer (level 9, -2/78 HPs)
             Began as a Merfolk Gladiator on Feb 7, 2020.
             Was an Initiate of Okawaru.
             Slain by an eight-headed hydra (6 damage)
             ... on level 7 of the Dungeon.
             The game lasted 00:17:45 (5943 turns).

Faca the Spear-Bearer (Merfolk Gladiator)           Turns: 5943, Time: 00:17:45

Health: -2/78      AC: 10    Str: 18    XL:     9   Next: 43%
Magic:  9/9        EV: 12    Int:  7    God:    Okawaru [......]
Gold:   306        SH:  3    Dex: 15    Spells: 8/8 levels left

rFire    . . .     SeeInvis .   a - +0 trident
rCold    + . .     Gourm    .   y - +0 buckler
rNeg     . . .     Faith    .   l - +0 ring mail {rC+}
rPois    .         Spirit   .   v - +1 helmet
rElec    .         Reflect  .   s - +2 cloak
rCorr    .         Harm     .   (no gloves)
MR       .....                  (no boots)
Stlth    +.........             (no amulet)
HPRegen  0.23/turn              t - +1 ring of slaying
MPRegen  0.11/turn              (no ring)

@: about to teleport
A: change form in water, swift swim, stealthy swim
a: Renounce Religion


You were on level 7 of the Dungeon.
You worshipped Okawaru.
Okawaru was noncommittal.
You were not hungry.

You visited 2 branches of the dungeon, and saw 8 of its levels.

You collected 306 gold pieces.

Inventory:

Hand Weapons
 a - a +0 trident (weapon)
Missiles
 d - 2 throwing nets (quivered)
Armour
 l - a +0 ring mail of cold resistance (worn)
 s - a +2 cloak (worn)
 v - a +1 helmet (worn)
 y - a +0 buckler (worn)
Jewellery
 t - a +1 ring of slaying (left hand)
Wands
 e - a wand of paralysis (7)
 h - a wand of acid (6)
 p - a wand of flame (35)
 w - a wand of polymorph (7)
 A - a wand of iceblast (2)
Scrolls
 b - 2 scrolls of fog
 c - a scroll of enchant weapon {unknown}
 g - 5 scrolls of teleportation
 k - 2 scrolls of noise {unknown}
 q - 3 scrolls of remove curse
 x - a scroll of random uselessness {unknown}
 C - a scroll of magic mapping
 D - a scroll of enchant armour {unknown}
 E - a scroll of immolation {unknown}
Potions
 i - 2 potions of lignification
 j - 2 potions of ambrosia
 m - a potion of agility
 n - 2 potions of flight
 o - 2 potions of resistance
 r - a potion of mutation
 u - a potion of berserk rage
 z - a potion of cancellation
 B - 2 potions of curing
 F - a potion of magic {unknown}
 G - a potion of haste {unknown}
Comestibles
 f - 14 rations


   Skills:
 + Level 9.8 Fighting
 + Level 12.7 Polearms
 - Level 2.0 Throwing
 - Level 4.0 Dodging


You had 8 spell levels left.
You didn't know any spells.
Your spell library contained the following spells:

 Spells                   Type           Power        Failure   Level  Hunger
 Summon Small Mammal      Summ           #...         80%         1    ##.....
 Call Imp                 Summ           #.......     91%         2    ###....
 Call Canine Familiar     Summ           #.......     99%         3    ####...
 Summon Guardian Golem    Hex/Summ       #.......     99%         3    ####...
 Summon Ice Beast         Ice/Summ       #.......     100%        4    #####..
 Summon Lightning Spire   Summ/Air       #.......     100%        4    #####..


Dungeon Overview and Level Annotations

Branches:
Dungeon (7/15)             Temple (1/1) D:4

Altars:
Ashenzari
Cheibriados
Dithmenos
Elyvilon
Fedhas
Gozag
Hepliaklqana
Kikubaaqudgha
Makhleb
Nemelex Xobeh
Okawaru
Qazlal
Ru
Sif Muna
Trog
Uskayaw
Vehumet
Wu Jian
Xom
Yredelemnul
Zin
The Shining One


Message History

The eight-headed hydra bites you! x2
* * * LOW HITPOINT WARNING * * *
You barely miss the eight-headed hydra.
The eight-headed hydra is severely wounded.
The eight-headed hydra bites you!
* * * LOW HITPOINT WARNING * * *
The eight-headed hydra bites you but does no damage. x3
The eight-headed hydra barely misses you. x2
The eight-headed hydra closely misses you.
The eight-headed hydra bites you but does no damage.
A bullfrog comes into view.
The bullfrog croaks.
The bullfrog hits you.
* * * LOW HITPOINT WARNING * * *
As you read the scroll of teleportation, it crumbles to dust.
You feel strangely unstable.
The bullfrog hits you but does no damage. x2
The eight-headed hydra is no longer covered in acid.
The eight-headed hydra bites you.
You die...

#.........##.#....####
###........##.#..###..#
...........##......._#
..#........##.#..####_..
..+........##.#...†####
..#........##.##......###
##
...........##..##.......#
#.
...........###..##.†...###.
................@###.####.
...........###..D# #..##.#
###F##.##.#.# #o.## ##..#
#.#.# ##.# ##.##.. #.##
##..# #.# ##.## ##..## ...
##.#####. #..## ###
##.....#


You could see an eight-headed hydra, a bullfrog and an orc.

Vanquished Creatures
  Sigmund (D:4)
  A phantom (D:4)
  2 sky beasts
  6 ogres
  2 centaurs
  2 bullfrogs (D:6)
  A scorpion (D:4)
  A crimson imp (D:5)
  A centaur zombie (D:5)
  3 orc priests
  A bullfrog skeleton (D:4)
  A bullfrog zombie (D:5)
  6 hounds
  9 orc wizards
  An iguana (D:4)
  Ijyb (D:4)
  4 worker ants
  A hound skeleton (D:7)
  Robin (D:2)
  A gnoll (D:1)
  11 adders
  3 shadow imps
  2 worms
  5 leopard geckos
  24 orcs
  7 giant cockroaches
  13 goblins
  8 hobgoblins
  4 jackals (D:1)
  4 kobolds
  4 quokkas
  2 ball pythons
  11 bats
  3 frilled lizards
  A leopard gecko skeleton (D:5)
  3 quokka skeletons
  5 rats
156 creatures vanquished.

Notes
Turn   | Place    | Note
-------+----------+-------------------------------------------
     0 | D:1      | Faca the Merfolk Gladiator began the quest for the Orb.
     0 | D:1      | Reached XP level 1. HP: 16/16 MP: 1/1
     9 | D:1      | Noticed a centaur
    37 | D:1      | Reached XP level 2. HP: 12/23 MP: 2/2
   262 | D:1      | Found a shattered altar of Ashenzari.
   269 | D:1      | Reached skill level 5 in Polearms
   424 | D:1      | You fall into a shaft and drop 1 floor!
   561 | D:2      | Reached XP level 3. HP: 29/29 MP: 2/3
  1145 | D:2      | Reached XP level 4. HP: 35/35 MP: 4/4
  1174 | D:2      | Noticed Robin
  1188 | D:2      | Killed Robin
  1188 | D:2      | Reached skill level 6 in Polearms
  1230 | D:2      | Found a sparkling altar of Nemelex Xobeh.
  1609 | D:3      | Reached XP level 5. HP: 36/42 MP: 5/5
  1736 | D:3      | Found a shattered altar of Ashenzari.
  1798 | D:3      | Found a stormy altar of Qazlal.
  1798 | D:3      | Found a glowing golden altar of the Shining One.
  1919 | D:3      | Found a sacrificial altar of Ru.
  1919 | D:3      | Found a burning altar of Makhleb.
  2076 | D:4      | Noticed Sigmund
  2087 | D:4      | Killed Sigmund
  2087 | D:4      | Reached skill level 5 in Fighting
  2087 | D:4      | Reached skill level 7 in Polearms
  2087 | D:4      | Reached XP level 6. HP: 51/51 MP: 6/6
  2122 | D:3      | Reached skill level 8 in Polearms
  2430 | D:4      | Found a staircase to the Ecumenical Temple.
  2437 | D:4      | Reached XP level 7. HP: 38/57 MP: 7/7
  2562 | D:4      | Noticed Ijyb
  2582 | D:4      | Killed Ijyb
  2582 | D:4      | Reached skill level 9 in Polearms
  2614 | Temple   | Entered the Ecumenical Temple
  3073 | D:4      | Reached skill level 10 in Polearms
  3073 | D:4      | Reached XP level 8. HP: 64/67 MP: 8/8
  3099 | D:4      | Found a glowing silver altar of Zin.
  3100 | D:4      | Found an opulent altar of Gozag.
  3392 | D:5      | Entered Level 5 of the Dungeon
  3877 | D:5      | Reached skill level 11 in Polearms
  4169 | D:6      | Found a glowing golden altar of the Shining One.
  4171 | D:5      | Noticed a rust devil
  4171 | D:5      | Noticed a rust devil
  4457 | D:6      | Reached XP level 9. HP: 53/76 MP: 9/9
  4577 | D:6      | Found a hazy altar of Hepliaklqana.
  4609 | D:6      | Reached skill level 12 in Polearms
  4925 | D:6      | Found a basalt altar of Yredelemnul.
  5020 | D:6      | Found an iron altar of Okawaru.
  5033 | D:6      | Became a worshipper of Warmaster Okawaru
  5581 | D:7      | Found a bloodstained altar of Trog.
  5829 | D:7      | Found a shattered altar of Ashenzari.
  5829 | D:7      | Found an opulent altar of Gozag.
  5884 | D:7      | Found an ancient bone altar of Kikubaaqudgha.
  5913 | D:7      | Noticed an eight-headed hydra
  5943 | D:7      | Slain by an eight-headed hydra

Levels and vault maps discovered:
D:1:      evilmike_arrival_come_back, layout_rooms, ashenzari_altar_1
D:2:      layout_loops_ring, nemelex_xobeh_ov_fountains_minmay, uniq_robin
D:3:      layout_loops_ring, lemuel_round_altar,
          gammafunk_temple_overflow_elements,
          chequers_temple_overflow_statue_of_worship
D:4:      layout_cave_pools, grunt_temple_overflow_gold_and_silver,
          minmay_temple_entry_drinking_statues, nicolae_zen_rock_garden,
          uniq_ijyb, uniq_sigmund
D:5:      cheibrodos_iron_armory, layout_basic, first_ration
D:6:      minmay_spotlight, layout_basic, kennysheep_mini_moat,
          lemuel_doored_altar, kennysheep_little_box, supply_closet_lemuel,
          dk_vineyard_2, tso_metal_star
D:7:      minmay_the_grid_octo_tiled_octocenter
          [minmay_the_grid_octo_vomiting_pacman, minmay_the_grid_octo_teeth,
          minmay_the_grid_octo_tetromino_candy, minmay_the_grid_octo_concentric,
          minmay_the_grid_octo_prize_single_spiral,
          minmay_the_grid_square_5x5_n_small,
          minmay_the_grid_square_5x5_checkered, minmay_the_grid_square_5x5_tie,
          minmay_the_grid_square_5x5_misaligned], layout_basic,
          nicolae_overflow_crystal_walls, lemuel_crystal_altar, basic_altar
Temple:   nicolae_temple_figure_zero

Skill      XL: |  1  2  3  4  5  6  7  8  9 |
---------------+----------------------------+-----
Polearms       | 5 6 7 8 10 11 12 | 12.7
Fighting       | 3 4 5 7 9 |  9.8
Throwing       | |  2.0
Dodging        | |  4.0

Action                   |  1- 3 |  4- 6 |  7- 9 || total
-------------------------+-------+-------+-------++-------
Melee: Trident           |    94 |   182 |   393 ||   669
Throw: Throwing net      |       |     3 |       ||     3
Evoke: Wand              |       |       |     3 ||     3
  Use: Scroll            |       |    10 |     9 ||    19
       Potion            |       |       |     1 ||     1
 Stab: Held in net/web   |       |     3 |       ||     3
  Eat: Chunk             |     1 |     4 |     8 ||    13
       Ration            |       |       |     1 ||     1
Armor: Leather armour    |     1 |       |       ||     1
       Ring mail         |    24 |    55 |   104 ||   183
Dodge: Dodged            |    47 |    94 |   136 ||   277
Block: Buckler           |       |       |    24 ||    24

Table legend:
 A = Non-vault XP
 B = Vault XP
 C = Vault XP percentage of total XP
 D = Non-vault monster count
 E = Vault monster count
 F = Vault count percentage of total count
                 A         B        C        D         E       F
            +---------+---------+-------+---------+---------+-------
      Total |    2759 |     590 |  17.6 |     135 |      21 |  13.5
            +---------+---------+-------+---------+---------+-------
        D:1 |      36 |       0 |   0.0 |      13 |       0 |   0.0
        D:2 |      57 |      35 |  38.0 |      17 |      11 |  39.3
        D:3 |     139 |       0 |   0.0 |      33 |       0 |   0.0
        D:4 |     913 |     255 |  21.8 |      25 |       2 |   7.4
        D:5 |     745 |       0 |   0.0 |      28 |       0 |   0.0
        D:6 |     608 |     132 |  17.8 |      13 |       3 |  18.8
        D:7 |     261 |     168 |  39.2 |       6 |       5 |  45.5
            +---------+---------+-------+---------+---------+-------
